 Dungeon Crawl Stone Soup version 0.27.1-33-g824d729ab1 (webtiles) character file.

Game seed: 12128736819484406119

702 Tirrikindir the Slasher (level 7, -3/48 HPs)
             Began as an Octopode Fighter on Dec 26, 2021.
             Slain by a gnoll sergeant (9 damage)
             ... on level 5 of the Dungeon.
             The game lasted 00:08:41 (4258 turns).

Tirrikindir the Slasher (Octopode Fighter)          Turns: 4258, Time: 00:08:43

Health: -3/48      AC:  1    Str: 15 (16) XL:     7   Next: 66%
Magic:  7/7        EV: 11    Int:  7 (10) God:
Gold:   160        SH:  9    Dex: 10 (13) Spells: 6/6 levels left

rFire    . . .     SeeInvis .   a - +0 long sword
rCold    . . .     Faith    .   b - +0 kite shield
rNeg     . . .     Spirit   .   (helmet restricted)
rPois    .         Reflect  .   (no amulet)
rElec    .         Harm     .   e - ring of resist corrosion
rCorr    +         Rampage  .   (no ring)
Will     .....                  (no ring)
Stlth    ++++......             (no ring)
HPRegen  0.16/turn              (no ring)
MPRegen  0.10/turn              (no ring)
                                (no ring)
                                (no ring)

@: no status effects
A: almost no armour, amphibious, 8 rings, camouflage 1, gelatinous body 1,
(nimble swimmer 1), tentacles
a: no special abilities


You were on level 5 of the Dungeon.
You visited 1 branch of the dungeon, and saw 5 of its levels.

You collected 160 gold pieces.

Inventory:

Hand Weapons
 a - a +0 long sword (weapon)
 c - a +1 short sword of flaming
Armour
 b - a +0 kite shield (worn)
Jewellery
 e - a ring of resist corrosion (left tentacle)
Scrolls
 d - a scroll of noise {unknown}
 f - a scroll of brand weapon {unknown}
 i - a scroll of magic mapping {unknown}
 j - a scroll of amnesia {unknown}
 k - a scroll of fog {unknown}
Potions
 h - a potion of flight {unknown}


   Skills:
 - Level 4.0 Fighting
 * Level 5.9 Long Blades
 - Level 4.0 Dodging
 + Level 5.1 Stealth
 - Level 4.0 Shields


You had 6 spell levels left.
You didn't know any spells.
Your spell library contained the following spells:

 Spells                   Type           Power      Damage    Failure   Level
 Corona                   Hex            0%         N/A       88%         1
 Ensorcelled Hibernation  Hex/Ice        0%         N/A       96%         2
 Tukima's Dance           Hex            0%         N/A       99%         3
 Iskenderun's Battlesphe  Conj           0%         2d6       100%        5
 Iron Shot                Conj/Erth      0%         9d1       100%        6
 Spellforged Servitor     Conj/Summ      0%         N/A       100%        7


Dungeon Overview and Level Annotations

Branches:
Dungeon (5/15)
 Temple: D:4-7

Altars:
Cheibriados


Innate Abilities, Weirdness & Mutations

You cannot wear most types of armour.
You are amphibious.
You can wear up to eight rings at the same time.
Your skin changes colour to match your surroundings (Stealth+).
Your rubbery body absorbs attacks. (AC +1, EV +1)
((You are camouflaged near water. (Stealth+)))
You have tentacles for arms and can constrict up to eight enemies at once.


Message History

The gnoll hits you from afar with a +0 spear.
The gnoll moves out of view.
It was a potion of degeneration.
There was something very wrong with that liquid.
You feel weakened.
You feel dopey.
You feel clumsy. The gnoll hits you but does no damage.
The gnoll sergeant hits you from afar with a +0 trident.
You block the gnoll's attack.
You hit the gnoll. Your grab misses the gnoll.
The gnoll is heavily wounded.
The gnoll sergeant hits you from afar with a +0 trident!
The gnoll hits you with a +0 spear. You block the gnoll sergeant's attack.
You hit the gnoll. Your grab misses the gnoll.
The gnoll is heavily wounded.
You block the gnoll's attack. You block the gnoll sergeant's attack.
You slash the gnoll!
You kill the gnoll!
You block the gnoll sergeant's attack.
The gnoll sergeant hits you but does no damage.
The gnoll hits you from afar with a +0 spear.
The gnoll sergeant closely misses you.
Things that are here:
a +0 spear; a gnoll corpse The gnoll sergeant blocks your attack. x2
The gnoll hits you from afar with a +0 spear.
The gnoll sergeant misses you.
You completely miss the gnoll sergeant. You grab the gnoll sergeant.
You constrict the gnoll sergeant, but do no damage.
You block the gnoll's attack. The gnoll sergeant barely misses you.
The gnoll sergeant blocks your attack.
You constrict the gnoll sergeant. The gnoll barely misses you.
The gnoll sergeant barely misses you. The gnoll closely misses you.
You hit the gnoll sergeant but do no damage.
The gnoll sergeant is lightly wounded.
You constrict the gnoll sergeant.
The gnoll sergeant hits you with a +0 trident!
* * * LOW HITPOINT WARNING * * *
You block the gnoll's attack.
The gnoll sergeant hits you with a +0 trident!
You die... gg

#.# .g#
###.# #.g.#
#.### #.#
#######g#
#....@g.#
##.#######
##(.# #..##
###.##
########...#
.........###
.#########
##


You could see a gnoll sergeant and a gnoll.

Vanquished Creatures
  Edmund (D:4)
  Duvessa (D:4)
  A phantom (D:5)
  Dowan (D:4)
  2 bullfrog skeletons (D:4)
  An orc priest (D:4)
  Jessica (D:3)
  Terence (D:2)
  Natasha (twice) (D:2)
  An orc wizard (D:3)
  A killer bee zombie (D:4)
  A gnoll (D:5)
  2 adders (D:3)
  A worm (D:3)
  A dart slug (D:1)
  11 orcs
  9 endoplasms
  2 giant cockroaches (D:3)
  8 goblins
  8 hobgoblins
  2 jackals (D:3)
  3 kobolds
  7 quokkas
  9 ball pythons
  6 bats
  4 frilled lizards
  9 rats
96 creatures vanquished.

Notes
Turn   | Place    | Note
-------+----------+-------------------------------------------
     0 | D:1      | Tirrikindir the Octopode Fighter began the quest for the
                  | Orb.
     0 | D:1      | Reached XP level 1. HP: 16/16 MP: 1/1
   304 | D:1      | Reached XP level 2. HP: 21/21 MP: 2/2
   569 | D:1      | Reached skill level 1 in Stealth
   574 | D:1      | You fall into a shaft and drop 1 floor!
   574 | D:2      | Found a snail-covered altar of Cheibriados.
   714 | D:1      | Reached XP level 3. HP: 26/26 MP: 3/3
  1179 | D:2      | Noticed Natasha
  1189 | D:2      | Killed Natasha
  1190 | D:2      | Reached XP level 4. HP: 19/31 MP: 4/4
  1432 | D:2      | Noticed Natasha
  1437 | D:2      | Killed Natasha
  1710 | D:2      | Noticed Terence
  1718 | D:2      | Killed Terence
  1719 | D:2      | Reached XP level 5. HP: 36/36 MP: 5/5
  2241 | D:3      | Noticed Jessica
  2245 | D:3      | Killed Jessica
  2422 | D:3      | Reached XP level 6. HP: 7/43 MP: 6/6
  3154 | D:4      | Noticed Duvessa
  3156 | D:4      | Noticed Dowan
  3161 | D:4      | Killed Duvessa
  3169 | D:4      | Killed Dowan
  3170 | D:4      | Reached skill level 5 in Long Blades
  3170 | D:4      | Reached XP level 7. HP: 40/48 MP: 7/7
  3193 | D:4      | Noticed Edmund
  3205 | D:4      | Killed Edmund
  3600 | D:4      | Found Zuygorine's Antique Weapon Emporium.
  3919 | D:5      | Entered Level 5 of the Dungeon
  3940 | D:5      | HP: 1/48 [phantom (7)]
  3946 | D:5      | Reached skill level 5 in Stealth
  4258 | D:5      | Slain by a gnoll sergeant

Illustrated notes

Levels and vault maps discovered:
D:1:      amcnicky_arrival_choice, layout_loops_corners
D:2:      minmay_skewed_foursquare, layout_rooms, basic_altar, uniq_natasha,
          uniq_terence
D:3:      layout_loops_cross, serial_glass, glass_columns_c, glass_columns_c,
          glass_columns_b, glass_columns_b, kennysheep_generic_room_15,
          uniq_jessica
D:4:      layout_basic, serial_shops, shop, uniq_duvessa, uniq_edmund
D:5:      layout_rooms, uniq_blork_the_orc, uniq_pikel, uniq_eustachio,
          uniq_crazy_yiuf_cottage

Skill      XL: |  1  2  3  4  5  6  7 |
---------------+----------------------+-----
Stealth        | 1 2 4 5 |  5.1
Long Blades    | 3 5 |  5.9
Fighting       | 4 |  4.0
Dodging        | 4 |  4.0
Shields        | 4 |  4.0

Action                   |  1- 3 |  4- 6 |  7- 9 || total
-------------------------+-------+-------+-------++-------
Melee: Long sword        |    59 |    93 |    44 ||   196
       Constrict         |    14 |    23 |     4 ||    41
       Tentacles         |    11 |    27 |     4 ||    42
  Use: Potion            |     1 |     3 |     4 ||     8
       Scroll            |       |     1 |       ||     1
 Stab: Sleeping          |     7 |    12 |     6 ||    25
Armor: Skin              |     7 |     4 |     5 ||    16
Dodge: Dodged            |    28 |    24 |    16 ||    68
Block: Kite shield       |    23 |    37 |    21 ||    81
       Rpst.: Long sword |     6 |    11 |     2 ||    19
